 Dungeon Crawl Stone Soup version 0.25.0-1-g7eea58d2a3 (console) character file.

Game seed: 9823988136547578128

87 bli the Skirmisher (level 4, -3/37 HPs)
             Began as a Formicid Monk on June 14, 2020.
             Slain by Terence
             ... wielding a +0 morningstar
              (11 damage)
             ... on level 2 of the Dungeon.
             The game lasted 00:04:41 (2270 turns).

bli the Skirmisher (Formicid Monk)                  Turns: 2270, Time: 00:04:42

Health: -3/37      AC:  2    Str: 15    XL:     4   Next: 80%
Magic:  4/4        EV: 13    Int: 10    God:
Gold:   89         SH:  0    Dex: 14    Spells: 3/3 levels left

rFire    . . .     SeeInvis +   a - +0 hand axe
rCold    . . .     Gourm    .   (no shield)
rNeg     . . .     Faith    .   b - +0 robe
rPois    .         Spirit   .   (helmet unavailable)
rElec    .         Reflect  .   (no cloak)
rCorr    .         Harm     .   (no gloves)
MR       .....                  (no boots)
Stlth    ++........             (no amulet)
HPRegen  0.12/turn              (no ring)
MPRegen  0.09/turn              (no ring)

@: no status effects
A: permanent stasis, dig shafts and tunnels, four strong arms, antennae 3
a: Dig, Shaft Self


You were on level 2 of the Dungeon.
You were not hungry.

You visited 1 branch of the dungeon, and saw 2 of its levels.

You collected 89 gold pieces.

Inventory:

Hand Weapons
 a - a +0 hand axe (weapon)
 d - a +1 dagger of venom
Missiles
 e - 82 stones (quivered)
 f - 8 javelins
 k - 16 poisoned darts
 o - 5 boomerangs
Armour
 b - a +0 robe (worn)
 i - a +0 ring mail
Scrolls
 h - a scroll of fear {unknown}
 j - a scroll of enchant weapon {unknown}
 l - a scroll of remove curse {unknown}
Potions
 g - a potion of curing {unknown}
 m - a potion of heal wounds {unknown}
 p - a potion of flight {unknown}
Comestibles
 c - 2 rations


   Skills:
 * Level 4.2 Fighting
 + Level 4.1 Axes
 + Level 3.1 Dodging
 + Level 2.5 Stealth


You had 3 spell levels left.
You didn't know any spells.
Your spell library was empty.

Dungeon Overview and Level Annotations

Branches:
Dungeon (2/15)

Altars:

Annotations:
D:2 Terence


Innate Abilities, Weirdness & Mutations

You cannot be hasted, slowed, berserked, paralysed or teleported.
You can dig through walls and to a lower floor.
Your four strong arms can wield two-handed weapons with a shield.
You have a pair of large antennae on your head. (SInv)


Message History

You hit Terence.
Terence is lightly wounded.
Terence hits you with a +0 morningstar.
You hit Terence.
Terence is lightly wounded.
Terence hits you with a +0 morningstar.
You hit Terence but do no damage.
Terence is lightly wounded.
Terence hits you with a +0 morningstar.
You hit Terence but do no damage.
Terence is lightly wounded.
Terence hits you with a +0 morningstar!
You barely miss Terence.
Terence is lightly wounded.
Terence hits you with a +0 morningstar!
* * * LOW HITPOINT WARNING * * *
You hit Terence.
Terence is lightly wounded.
Terence hits you with a +0 morningstar!
You die...

#.#############
#.............#
..##.#@#####.# #@#
#.# #.# #.### #.
#.# ###.#.## #.
#.# #......## ##
#.# #.#.....# #.#
#.##.[.## ..#
#.###.## #.###.#
## ##.....# #.
####...##.#######>


You could see Terence.

Vanquished Creatures
  3 adders (D:2)
  3 oozes
  A worm (D:2)
  2 dart slugs (D:1)
  An orc (D:2)
  A giant cockroach (D:1)
  5 goblins
  2 hobgoblins (D:1)
  7 jackals
  2 bats
  A frilled lizard (D:1)
  4 kobolds
  8 rats
40 creatures vanquished.

Notes
Turn   | Place    | Note
-------+----------+-------------------------------------------
     0 | D:1      | bli the Formicid Monk began the quest for the Orb.
     0 | D:1      | Reached XP level 1. HP: 18/18 MP: 1/1
    70 | D:1      | Reached XP level 2. HP: 8/24 MP: 2/2
   810 | D:1      | Reached XP level 3. HP: 27/30 MP: 3/3
  1424 | D:2      | Reached XP level 4. HP: 33/37 MP: 4/4
  2263 | D:2      | Noticed Terence
  2270 | D:2      | Slain by Terence

Illustrated notes

Levels and vault maps discovered:
D:1:      sevenhm_arrival_forest_fort_small_4, layout_loops_corners, st_stairs_2
D:2:      layout_loops_corners, minitemple, uniq_terence

Skill      XL: |  1  2  3  4 |
---------------+-------------+-----
Dodging        | 3 |  3.1
Fighting       | 4 |  4.2
Axes           | 4 |  4.1
Stealth        | |  2.5

Action                   |  1- 3 |  4- 6 || total
-------------------------+-------+-------++-------
Melee: Hand axe          |    70 |    61 ||   131
 Stab: Sleeping          |     5 |     3 ||     8
  Eat: Chunk             |     1 |     3 ||     4
Armor: Robe              |     5 |     5 ||    10
Dodge: Dodged            |    41 |    40 ||    81
